 Dungeon Sprint DCSS version 0.32-a0-450-g080537f31e (webtiles) character file.

Game seed: 685468758373648552

130 adelrune the Cudgeller (level 4, -6/44 HPs)
             Began as a Minotaur Fighter on Feb 23, 2024.
             Mangled by an iguana (10 damage)
             ... in the Dungeon (Sprint IX: "|||||||||||||||||||||||||||||").
             The game lasted 00:00:38 (43 turns).

adelrune the Cudgeller (Minotaur Fighter)             Turns: 43, Time: 00:00:38

Health: -6/44      AC:  7    Str: 22    XL:     4   Next: 90%
Magic:  2/5        EV: 10    Int:  5    God:
Gold:   0          SH:  5    Dex: 10    Spells: 3/3 levels left

rFire   . . .        a - +0 flail
rCold   . . .        c - +0 buckler
rNeg    . . .        b - +0 scale mail
rPois   .            (helmet restricted)
rElec   .            (no cloak)
rCorr   .            (no gloves)
SInv    .            (no boots)
Will    .....        (no amulet) Stlth
                     (no ring)
HPRegen 0.27/turn    (no ring)
MPRegen 0.09/turn

%: no teleportation
@: no status effects
A: horns 2, retaliatory headbutt
a: no special abilities


You were in the Dungeon.
You visited 1 branch

Inventory:

Hand Weapons
 a - a +0 flail (weapon)
Armour
 b - a +0 scale mail (worn)
 c - a +0 buckler (worn)
Scrolls
 j - a scroll of blinking
Potions
 d - a potion of might
 e - a potion of curing
 f - a potion of heal wounds
 g - a potion of haste
 h - 2 potions of magic
 i - a potion of berserk rage


   Skills:
 + Level 5.8 Fighting
 * Level 6.6 Maces & Flails
 + Level 5.8 Armour
 + Level 3.7 Dodging
 + Level 5.6 Shields
 + Level 3.1 Invocations


You had 3 spell levels left.
You didn't know any spells.
Your spell library was empty.

Dungeon Overview and Level Annotations

Branches:
Dungeon (1/1)

Altars:


Innate Abilities, Weirdness & Mutations

You have a pair of horns on your head.
You reflexively headbutt those who attack you in melee.


Message History

You hit the ribbon worm but do no damage.
The ribbon worm expels a string of sticky webbing.
You block the stream of webbing.
You sock the ribbon worm! You headbutt the ribbon worm!
You kill the ribbon worm!
You sock the sleepcap!
The sleepcap is moderately damaged.
The sleepcap barely misses you.
You sock the sleepcap!
The sleepcap is heavily damaged.
The sleepcap releases spores at you but does no damage.
You block the sleepcap's attack.
You hit the sleepcap but do no damage.
The sleepcap is heavily damaged.
The sleepcap releases spores at you.
You are engulfed in a cloud of soporific spores!
You fall asleep.
The sleepcap releases spores at you.
You wake up.
Unknown command.
You hit the sleepcap.
The sleepcap is heavily damaged.
The sleepcap releases spores at you.
You are engulfed in a cloud of soporific spores!
You are unaffected.
You hit the sleepcap. You headbutt the sleepcap!
You destroy the sleepcap!
Your Invocations skill increases to level 3!
You hit the iguana but do no damage. Your headbutt misses the iguana.
The iguana bites you!
You barely miss the iguana. Your headbutt misses the iguana.
The iguana bites you!
* * * LOW HITPOINT WARNING * * *
You hit the iguana.
The iguana is moderately wounded.
The iguana bites you.
* * * LOW HITPOINT WARNING * * *
You sock the iguana!
The iguana is almost dead.
The iguana bites you!
You die...

▓+▓
▓.▓
▓.▓
▓.▓
▓.▓
▓l▓
▓@▓
▓.▓
▓.▓
▓.▓
▓.▓
▓.▓
▓†▓
▓.▓
▓.▓


You could see an iguana.

Vanquished Creatures
  A black bear (D)
  A sleepcap (D)
  An adder (D)
  A ribbon worm (D)
  A bat (D)
  2 frilled lizards (D)
  2 rats (D)
9 creatures vanquished.

Notes
Turn   | Place    | Note
-------+----------+-------------------------------------------
     0 | D        | adelrune the Minotaur Fighter began the quest for the Orb.
     0 | D        | Reached XP level 1. HP: 19/19 MP: 0/0
     8 | D        | Reached skill level 3 in Maces & Flails
    22 | D        | Noticed an iguana
    22 | D        | Noticed a sleepcap
    22 | D        | Noticed a black bear
    27 | D        | Reached skill level 1 in Dodging
    27 | D        | Reached XP level 2. HP: 24/27 MP: 1/1
    31 | D        | Killed a black bear
    32 | D        | Reached skill level 5 in Fighting
    32 | D        | Reached skill level 6 in Maces & Flails
    32 | D        | Reached skill level 5 in Armour
    32 | D        | Reached skill level 5 in Shields
    32 | D        | Reached XP level 3. HP: 29/36 MP: 1/4
    32 | D        | Reached XP level 4. HP: 34/42 MP: 1/5
    43 | D        | Mangled by an iguana

Illustrated notes

Levels and vault maps discovered:
D:        linesprint [early_d, line_temple, items_1, d_10, items_2, lair_1,
          lair_end, items_3, orc_1, orc_end, items_4, d_15, swamp_1, shoals_1,
          snake_1, spider_1, d_20, vaults_1, items_5, swamp_end, shoals_end,
          snake_end, spider_end, vaults_end, d_27, items_6, zot_1, zot_end,
          crypt_end, forest_end, elf_end, slime_end, tomb_end, abyss_end,
          pan_hell_end]

Skill      XL: |  1  2  3  4 |
---------------+-------------+-----
Maces & Flails | 3 6 |  6.6
Fighting       | 4 5 |  5.8
Armour         | 4 5 |  5.8
Dodging        | 1 3 |  3.7
Shields        | 4 5 |  5.6
Invocations    | 2 3 |  3.1

Action                     |  1- 3 |  4- 6 || total
---------------------------+-------+-------++-------
  Melee: Flail             |    20 |    11 ||    31
         Headbutt          |     1 |     2 ||     3
 Armour: Scale mail        |    16 |     8 ||    24
  Dodge: Dodged            |    13 |     1 ||    14
  Block: Buckler           |     5 |     2 ||     7

Table legend: (Time is in decaauts)
 A = Elapsed time spent in this place.
 B = Non-inter-level travel time spent in this place.
 C = Inter-level travel time spent in this place.
 D = Time resting spent in this place.
 E = Time spent auto-exploring this place.
 F = Levels seen in this place.
 G = Mean time per level.
                   A        B        C        D        E       F      G
               +--------+--------+--------+--------+--------+-----+--------+
         Total |     49 |     49 |      0 |      0 |      0 |   1 |   49.0 |
       Dungeon |     49 |     49 |      0 |      0 |      0 |   1 |   49.0 |
               +--------+--------+--------+--------+--------+-----+--------+

Top non-repeatable levels by time:
       D: 49 daAuts
